 Dungeon Crawl Stone Soup version 0.17.0-28-g6e173f8 (webtiles) character file.

274 Ithica the Shield-Bearer (level 6, -2/87 HPs)
             Began as a Minotaur Fighter on Nov 27, 2015.
             Slain by a river rat (4 damage)
             ... in a sewer on Nov 28, 2015.
             The game lasted 00:08:18 (2638 turns).

Ithica the Shield-Bearer (Minotaur Fighter)         Turns: 2638, Time: 00:08:18

Health: -2/87      AC: 23    Str: 22    XL:     6   Next: 3%
Magic:  5/5        EV:  2    Int:  5    God:
Gold:   112        SH: 10    Dex: 10    Spells: 0 memorised, 5 levels left

rFire  + . .     SeeInvis .     a - +0 trident
rCold  . . .     Clarity  .     (armour currently unavailable)
rNeg   + + +     SustAt   .     c - +0 shield
rPois  +         Gourm    .     (helmet currently unavailable)
rElec  .         Spirit   .     (cloak currently unavailable)
rCorr  .         Warding  .     (gloves currently unavailable)
rMut   .         NoTele   +     (boots currently unavailable)
MR     .....                    (no amulet)
Stlth  ++........               m - ring of teleportation (curse)
                                k - ring of protection from fire

@: lethally poisoned (-2 -> -6), tree-form, not resistant to hostile
enchantments, unstealthy
A: (retaliatory headbutt), (horns 0), sense surroundings 1, robust 1
a: Evoke Teleportation


You were in a sewer.
You were very hungry.
You were a tree.
You visited 1 branch of the dungeon, and saw 3 of its levels.
You also visited: Sewer.

You collected 112 gold pieces.

Inventory:

Hand Weapons
 a - a +0 trident (weapon)
 h - a +3 mace of draining
Armour
 b - a +0 scale mail (melded)
 c - a +0 shield (worn)
Jewellery
 k - a ring of protection from fire (left branch)
 m - a cursed ring of teleportation (right branch)
 p - an uncursed amulet of rage {unknown}
Scrolls
 g - a scroll of teleportation {unknown}
 i - 5 scrolls of identify {unknown}
 o - a scroll of magic mapping {unknown}
Potions
 d - a potion of might
Comestibles
 e - a bread ration


   Skills:
 + Level 4.4 Fighting
 + Level 3.7 Polearms
 + Level 5.0 Armour
 + Level 2.4 Dodging
 + Level 0.8 Stealth
 + Level 5.1 Shields


You had 5 spell levels left.
You didn't know any spells.

Dungeon Overview and Level Annotations

Branches:
Dungeon (3/15)

Altars:
Ashenzari
Yredelemnul


Innate Abilities, Weirdness & Mutations

((You reflexively headbutt those who attack you in melee.))
((You have a pair of horns on your head.))
You passively map a small area around you.
You are robust (+10% HP).


Message History

* * * LOW HITPOINT WARNING * * *
You feel sick.
The river rat bites you but does no damage.
You block the river rat's attack. You block the rat's attack.
The rat bites you but does no damage. The river rat bites you.
* * * LOW HITPOINT WARNING * * *
It was a potion of lignification.
You turn into a tree.
Your +0 scale mail melds into your body.
Your roots penetrate the ground.
* * * LOW HITPOINT WARNING * * *
You feel sick. You block the river rat's attack.
The river rat bites you but does no damage.
You block the river rat's attack. The rat bites you but does no damage.
The rat bites you but does no damage. You block the river rat's attack.
It was a potion of flight.
Your roots keep you in place.
* * * LOW HITPOINT WARNING * * *
You feel sick. You block the river rat's attack.
The river rat bites you but does no damage. x2
You block the rat's attack. The river rat bites you.
You die...

* .# ##...r.### ** *
,,...####.... ..####.
.........## ......... ≈
..........###.......# ,
≈..##.....##........##
##...............## , ≈≈
≈##≈.≈≈rr.......... ≈ ≈
≈≈≈≈≈≈≈≈≈≈rrr..≈...≈.≈ ≈ ≈≈
≈≈≈≈≈≈≈≈≈≈≈r♣r≈≈≈≈≈≈≈≈≈≈≈≈≈≈≈
≈≈≈≈≈≈≈≈≈≈r≈≈≈≈≈≈≈≈≈≈≈≈≈≈≈≈≈
≈≈≈≈≈≈≈≈≈≈≈≈≈..≈≈.≈.≈≈≈≈≈≈≈≈
≈≈≈≈≈≈≈≈≈≈≈≈≈≈......≈≈.≈≈≈≈≈
*
≈≈.≈.≈..≈≈...........≈....≈≈
≈≈.......................≈≈.
.........................
...##...........†....... * ,
##.....†.##.†.......


You could see 4 river rats and 4 rats.

Vanquished Creatures
  A centaur (D:3)
  Terence (D:2)
  Natasha (D:3)
  3 river rats (Sewer)
  3 adders
  3 worms (D:2)
  7 giant geckos
  2 orcs (D:3)
  7 ball pythons
  7 bats
  3 giant cockroaches
  6 hobgoblins
  4 jackals (D:2)
  2 quokkas
  2 giant newts
  5 goblins
  10 kobolds
  14 rats
  A plant (D:1)
82 creatures vanquished.

Notes
Turn   | Place    | Note
--------------------------------------------------------------
     0 | D:1      | Ithica the Minotaur Fighter began the quest for the Orb.
     0 | D:1      | Reached XP level 1. HP: 19/19 MP: 0/0
   161 | D:1      | Reached XP level 2. HP: 24/27 MP: 1/1
   414 | D:1      | Reached skill level 4 in Armour
   588 | D:1      | Reached XP level 3. HP: 33/33 MP: 2/2
   781 | D:1      | Reached skill level 1 in Dodging
  1709 | D:2      | Noticed Terence
  1721 | D:2      | Killed Terence
  1721 | D:2      | Reached XP level 4. HP: 26/40 MP: 3/3
  1765 | D:2      | Gained mutation: You passively map a small area around you. [potion of mutation]
  1765 | D:2      | Gained mutation: You are robust (+10% HP). [potion of mutation]
  2256 | D:3      | Noticed a centaur
  2265 | D:3      | Killed a centaur
  2265 | D:3      | Reached XP level 5. HP: 36/50 MP: 4/4
  2275 | D:3      | Noticed Natasha
  2282 | D:3      | Killed Natasha
  2389 | D:3      | Found a basalt altar of Yredelemnul.
  2392 | D:3      | Found a shattered altar of Ashenzari.
  2443 | D:3      | Found a glowing drain.
  2446 | D:3      | Reached skill level 5 in Armour
  2498 | Sewer    | Entered a sewer
  2557 | Sewer    | Reached skill level 5 in Shields
  2635 | Sewer    | Reached XP level 6. HP: 9/58 MP: 5/5
  2637 | Sewer    | HP: 3/87 [poison (a potion of poison)]
  2638 | Sewer    | Slain by a river rat

Action                   |  1- 3 |  4- 6 || total
-------------------------+-------+-------++-------
Melee: Trident           |   138 |   105 ||   243
  Use: Potion            |       |     5 ||     5
  Eat: Bread ration      |     1 |       ||     1
